 Dungeon Crawl Stone Soup version 0.28.0-53-g5a82cb258f (webtiles) character file.

Game seed: 1950702426003261127

703912 Sin92 the Axe Maniac (level 27, -1/273 HPs)
             Began as a Minotaur Fighter on June 10, 2022.
             Was the Champion of Okawaru.
             Engulfed by an Ice Fiend's freezing vapour (13 damage)
             ... on level 7 of Cocytus on June 11, 2022.
             The game lasted 04:05:51 (75780 turns).

Sin92 the Axe Maniac (Minotaur Fighter)            Turns: 75780, Time: 04:05:52

Health: -1/273     AC: 43    Str: 28 (31) XL:     27
Magic:  20/20      EV: 30    Int:  3 (5)  God:    Okawaru [******]
Gold:   7422       SH: 37    Dex: 22      Spells: 26/26 levels left

rFire   + + .      SeeInvis +   X - +11 broad axe of Doom {freeze, Will++ rCorr}
rCold   + . .      Faith    .   a - +10 tower shield of Ignorance {rN+ Int-4}
rNeg    + . .      Spirit   .   q - +2 gold dragon scales
rPois   +          Reflect  .   s - +1 hat of Instinct {rC+ SInv}
rElec   .          Harm     .   n - +2 cloak {Will+}
rCorr   +          Rampage  .   Q - +3 pair of gauntlets of War {Slay+5}
Will    +++++                   h - +2 pair of boots of Roinonyvvie {rPois}
Stlth   ..........              W - amulet "Ogar" {RegenMP Fly Regen+}
HPRegen 1.35/turn               e - ring of the Hare {EV+8}
MPRegen 0.57/turn               i - ring "Onysoem" {Contam rC- Str+4 Dex+8 Slay+4}

@: silenced, flying, frozen potions
A: horns 2, retaliatory headbutt, fire resistance 1, low MP 3
}: 5/15 runes: serpentine, barnacled, slimy, silver, iron
a: Renounce Religion


You were on level 7 of Cocytus.
You worshipped Okawaru.
Okawaru was exalted by your worship.
You visited 15 branches of the dungeon, and saw 72 of its levels.
You visited the Abyss 3 times.
You visited 1 bazaar.
You also visited: Trove, Ossuary and Volcano.

You collected 9360 gold pieces.
You spent 1938 gold pieces at shops.

Inventory:

Hand Weapons
 c - a +8 vampiric broad axe
 X - the +11 broad axe of Doom (weapon) {freeze, Will++ rCorr}
   (Okawaru gifted it to you on level 2 of the Shoals)

   It freezes those it strikes, dealing additional cold damage.
   It can also slow down cold-blooded creatures.
   rCorr:     It protects you from acid and corrosion.
   Will:      It greatly increases your willpower.
Missiles
 D - 9 silver javelins (quivered)
 U - 11 throwing nets
Armour
 a - the +10 tower shield of Ignorance (worn) {rN+ Int-4}
   (Okawaru gifted it to you on level 5 of the Vaults)

   Int:       It affects your intelligence (-4).
   rN:        It protects you from negative energy.
 h - the +2 pair of boots of Roinonyvvie (worn) {rPois}
   (You found it on level 5 of the Vaults)

   rPois:     It protects you from poison.
 k - the +4 chain mail of Awkiz {Will+++ Str+4 Slay-4 SInv}
   (Okawaru gifted it to you on level 4 of Tartarus)

   Str:       It affects your strength (+4).
   Slay:      It affects your accuracy & damage with ranged weapons and melee
   (-4).
   SInv:      It lets you see invisible.
   Will:      It greatly increases your willpower.
 n - a +2 cloak of willpower (worn)
 p - the +3 hat of Pondering {ponderous, Will+ MP+10 Int+5}
   (Okawaru gifted it to you on level 5 of the Pits of Slime)

   Int:       It affects your intelligence (+5).
   MP:        It affects your magic capacity (+10).
   Will:      It increases your willpower.
 q - +2 gold dragon scales (worn)
 s - the +1 hat of Instinct (worn) {rC+ SInv}
   (Okawaru gifted it to you on level 4 of the Snake Pit)

   rC:        It protects you from cold.
   SInv:      It lets you see invisible.
 w - a +3 tower shield of protection
 F - a +2 crystal plate armour
 L - a +2 cloak of poison resistance
 O - the +3 warlock's mirror {reflect}
   (You found it on level 14 of the Dungeon)

   It can block and reflect piercing ranged attacks and magical attacks against
   the wielder's willpower.
 Q - the +3 pair of gauntlets of War (worn) {Slay+5}
   (You acquired it on level 2 of the Shoals)

   Slay:      It affects your accuracy & damage with ranged weapons and melee
   (+5).
Jewellery
 b - an amulet of reflection
 e - the ring of the Hare (left hand) {EV+8}
   (You found it on level 3 of the Elven Halls)

   [ring of evasion]

   EV:        It affects your evasion (+8).
 g - a ring of protection from cold
 i - the ring "Onysoem" (right hand) {Contam rC- Str+4 Dex+8 Slay+4}
   (You found it on level 3 of the Elven Halls)

   [ring of slaying]

   Str:       It affects your strength (+4).
   Dex:       It affects your dexterity (+8).
   Slay:      It affects your accuracy & damage with ranged weapons and melee
   (+4).
   rC:        It makes you vulnerable to cold.
   Contam:    It causes magical contamination when unequipped.
 u - the ring "Baopann" {Fly rPois Dex+3}
   (You found it on level 5 of the Vaults)

   [ring of flight]

   Dex:       It affects your dexterity (+3).
   rPois:     It protects you from poison.
   Fly:       It grants you flight.
 C - a ring of magical power
 I - the ring "Gickotue" {+Blink rC+ rN+ Will+ Int-3}
   (You found it on level 3 of the Crypt)

   [ring of positive energy]

   Int:       It affects your intelligence (-3).
   rC:        It protects you from cold.
   rN:        It protects you from negative energy.
   +Blink:    It lets you blink.
   Will:      It increases your willpower.
 W - the amulet "Ogar" (around neck) {RegenMP Fly Regen+}
   (You bought it in a shop in a bazaar)

   [amulet of magic regeneration]

   It increases your rate of magic regeneration.
   Fly:       It grants you flight.
   Regen:     It increases your rate of health regeneration.
Wands
 B - a wand of digging (12)
Scrolls
 m - 16 scrolls of teleportation
 t - 3 scrolls of amnesia
 v - 6 scrolls of blinking
 y - 2 scrolls of magic mapping
 E - a scroll of silence
 G - 6 scrolls of fog
 N - 7 scrolls of fear
Potions
 d - 4 potions of might
 f - 4 potions of brilliance
 j - 15 potions of curing
 l - a potion of magic
 o - 5 potions of mutation
 r - 7 potions of attraction
 x - 8 potions of heal wounds
 z - 3 potions of haste
 A - 3 potions of resistance
 J - 11 potions of lignification
 M - 5 potions of ambrosia
 P - a potion of cancellation
 V - 3 potions of berserk rage


   Skills:
 O Level 27 Fighting
 O Level 27 Axes
 O Level 27 Armour
 + Level 24.7 Dodging
 O Level 27 Shields
 - Level 10.6 Invocations
 - Level 12.5 Evocations


You had 26 spell levels left.
You didn't know any spells.
Your spell library contained the following spells:

 Spells                   Type           Power      Damage    Failure   Level
 Beastly Appendage        Tmut           0%         N/A       98%         1
 Freeze                   Ice            0%         1d3       98%         1
 Pain                     Necr           0%         1d4       98%         1
 Slow                     Hex            0%         N/A       98%         1
 Sting                    Tmut/Pois      0%         1d3       98%         1
 Blink                    Tloc           0%         N/A       99%         2
 Corpse Rot               Necr/Air       0%         N/A       99%         2
 Poisonous Vapours        Pois/Air       0%         N/A       99%         2
 Scorch                   Fire           0%         2d5       99%         2
 Static Discharge         Conj/Air       0%         N/A       99%         2
 Confusing Touch          Hex            0%         N/A       100%        3
 Conjure Flame            Conj/Fire      0%         6-21      100%        3
 Dazzling Flash           Conj/Hex       0%         N/A       100%        3
 Frozen Ramparts          Ice            0%         1d2       100%        3
 Gell's Gravitas          Tloc           0%         N/A       100%        3
 Ignite Poison            Fire/Tmut/Pois 0%         N/A       100%        3
 Inner Flame              Hex/Fire       0%         N/A       100%        3
 Lesser Beckoning         Tloc           0%         N/A       100%        3
 Ozocubu's Armour         Ice            0%         N/A       100%        3
 Stone Arrow              Conj/Erth      0%         3d7       100%        3
 Swiftness                Air            0%         N/A       100%        3
 Teleport Other           Tloc           0%         N/A       100%        3
 Vampiric Draining        Necr           0%         2d6       100%        3
 Anguish                  Hex/Necr       0%         N/A       100%        4
 Cause Fear               Hex            0%         N/A       100%        4
 Dispel Undead            Necr           0%         3d6       100%        4
 Flame Wave               Conj/Fire      0%         2d4       100%        4
 Hailstorm                Conj/Ice       0%         3d3       100%        4
 Ice Form                 Ice/Tmut       0%         N/A       100%        4
 Iskenderun's Mystic Bla  Conj/Tloc      0%         2d3       100%        4
 Olgreb's Toxic Radiance  Pois           0%         N/A       100%        4
 Passage of Golubria      Tloc           0%         N/A       100%        4
 Petrify                  Tmut/Erth      0%         N/A       100%        4
 Sticky Flame             Conj/Fire      0%         2d3       100%        4
 Agony                    Necr           0%         N/A       100%        5
 Alistair's Intoxication  Tmut/Pois      0%         N/A       100%        5
 Blade Hands              Tmut           0%         N/A       100%        5
 Excruciating Wounds      Necr           0%         N/A       100%        5
 Irradiate                Conj/Tmut      0%         3d13      100%        5
 Iskenderun's Battlesphe  Conj           0%         2d6       100%        5
 Manifold Assault         Tloc           0%         N/A       100%        5
 Metabolic Englaciation   Hex/Ice        0%         N/A       100%        5
 Yara's Violent Unravell  Hex/Tmut       0%         3d3       100%        5
 Dispersal                Tloc           0%         N/A       100%        6
 Eringya's Noxious Bog    Tmut/Pois      0%         N/A       100%        6
 Iron Shot                Conj/Erth      0%         9d1       100%        6
 Starburst                Conj/Fire      0%         6d3       100%        6
 Statue Form              Tmut/Erth      0%         N/A       100%        6
 Enfeeble                 Hex            0%         N/A       100%        7
 Orb of Destruction       Conj           0%         9d5       100%        7
 Ozocubu's Refrigeration  Ice            0%         4d5       100%        7
 Storm Form               Tmut/Air       0%         N/A       100%        7
 Discord                  Hex            0%         N/A       100%        8
 Disjunction              Tloc           0%         N/A       100%        8
 Ignition                 Fire           0%         3d3       100%        8
 Lehudib's Crystal Spear  Conj/Erth      0%         10d2      100%        8
 Maxwell's Capacitive Co  Air            0%         ∞         100%        8
 Summon Guardian Golem    Hex/Summ       Unusable   N/A       N/A         3
 Tukima's Dance           Hex            Unusable   N/A       N/A         3
 Animate Armour           Summ/Erth      Unusable   N/A       N/A         4
 Summon Lightning Spire   Summ/Air       Unusable   N/A       N/A         4
 Summon Forest            Summ/Tloc      Unusable   N/A       N/A         5
 Death Channel            Necr           Unusable   N/A       N/A         6
 Simulacrum               Ice/Necr       Unusable   N/A       N/A         6
 Summon Cactus Giant      Summ           Unusable   N/A       N/A         6
 Spellforged Servitor     Conj/Summ      Unusable   N/A       N/A         7
 Summon Hydra             Summ           Unusable   N/A       N/A         7

Dungeon Overview and Level Annotations

Branches:
Dungeon (15/15)            Temple (1/1) D:6            Lair (6/6) D:11
 Shoals (4/4) Lair:3        Snake (4/4) Lair:4        Slime (5/5) Lair:5
    Orc (2/2) D:11            Elf (3/3) Orc:2        Vaults (5/5) D:13
  Crypt (3/3) Vaults:3       Tomb (0/3) Crypt:3      Depths (4/4) D:15
   Hell (visited)             Dis (7/7) Hell            Geh (0/7) Hell
    Coc (7/7) Hell            Tar (5/7) Hell            Zot (0/5) Depths:4
Ossuary (visited)         Volcano (visited)

Altars:
Ashenzari
Cheibriados
Dithmenos
Elyvilon
Fedhas
Gozag
Hepliaklqana
Kikubaaqudgha
Makhleb
Nemelex Xobeh
Okawaru
Qazlal
Ru
Sif Muna
Trog
Uskayaw
Vehumet
Wu Jian
Xom
Yredelemnul
Zin
The Shining One
Beogh
Jiyva

Shops:
D:4 =   D:9 (   D:13 ?((?   Orc:2 =*[:   Snake:1 ==:   Vaults:2 :   Depths:1 *

Portals:
Hell: Depths:1 Depths:2 Depths:3 Depths:4
Abyss: Depths:3 Depths:4
Pandemonium: Depths:2
Ziggurat: Depths:1


Innate Abilities, Weirdness & Mutations

You have a pair of horns on your head.
You reflexively headbutt those who attack you in melee.
Your flesh is heat resistant. (rF+)
Your magical capacity is extremely low. (-30% MP)


Message History

The Ice Fiend is heavily wounded.
You chop the wendigo into pieces!!! You closely miss the shard shrike.
The shard shrike completely misses you. You furiously retaliate!
You headbutt the shard shrike!
A torrent of water rises up through the elemental wellspring!
You block the torrent of water.
The wave splashes down.
You hear a hideous shriek!
You hear a screech! x3; You hear a howl!
You hear a screech!
You barely miss the Ice Fiend. You headbutt the Ice Fiend.
The Ice Fiend is heavily wounded.
You slash the shard shrike! You freeze the shard shrike.
You slice the shard shrike!! You freeze the shard shrike.
You kill the shard shrike!
Okawaru accepts your kill.
You chop the wendigo into pieces!!!
The shard shrike spits a shard of ice at you.
The shard of ice misses you.
The shard of ice hits the water elemental!!!
The water elemental is destroyed!
The water elemental disappears in a puff of smoke!
You block the Ice Fiend's attack.
The Ice Fiend claws you but does no damage.
The wendigo fires a burst of electricity at you.
The stunning burst hits you!!
You suddenly lose the ability to move!
* * * LOW HITPOINT WARNING * * *
You feel your strength returning.
Your life force feels restored.
Your hands slow down.
The shard shrike claws you but does no damage.
Water spirits pour forth from the elemental wellspring!
The Ice Fiend gestures at you. The bolt of cold hits you! You resist.
* * * LOW HITPOINT WARNING * * *
The wendigo splashes around in the water.
The wendigo bites you but does no damage.
You can move again.
Okay, then.
As you read the scroll of silence, it crumbles to dust.
A profound silence engulfs you.
You are engulfed in freezing vapours.
You resist.
You die...

≈≈≈###≈≈≈..........,,≈≈≈≈≈
≈≈####≈≈≈..........,≈≈≈≈≈≈
≈≈####≈≈..........≈≈≈≈≈≈≈≈
≈≈####≈≈.........≈≈≈≈≈≈≈≈≈
≈≈####≈≈....^...≈≈≈≈≈≈≈≈≈≈
≈≈####≈.b......≈≈≈≈≈≈≈≈≈≈≈
≈≈####≈.......≈≈≈≈≈≈≈≈≈≈≈≈
≈≈####≈.≈.R..≈≈≈≈≈≈≈≈≈≈≈≈,
≈≈####≈.≈@≈.EE≈≈≈≈≈≈≈≈≈≈,,
≈≈####≈..1≈≈≈≈≈≈≈≈≈≈≈≈≈≈,,
≈≈####≈...E§EE≈≈≈≈≈≈≈≈≈,,,
≈≈####≈....≈≈≈≈≈≈≈≈≈≈≈≈,,,
≈≈####≈...E≈≈≈≈≈≈≈≈≈≈≈,,,*
≈≈####≈≈.≈≈≈≈≈≈≈≈≈≈≈≈,,,**
≈≈####≈≈.≈≈≈≈≈≈≈≈≈≈≈,,,**
≈≈####≈≈.≈≈≈≈≈≈≈≈≈≈,,,**
≈≈≈≈≈≈≈≈≈≈≈≈≈≈≈≈≈≈,,,,* *


You could see a shard shrike (unsilenced), an Ice Fiend (unsilenced), a wendigo
(unsilenced), an elemental wellspring (unsilenced) and 5 water elementals.

Vanquished Creatures
  the Royal Jelly (Slime:5)
  5 dread liches
  Dispater (Dis:7)
  8 ancient liches
  5 juggernauts
  Sojobo (Depths:3)
  2 shard shrikes (Coc:7)
  Margery (Depths:1)
  Saint Roka (Vaults:4)
  Vashnia (Snake:3)
  The ghost of Hali the Executioner, a veteran FoFi of Dithmenos (Crypt:1)
  Bai Suzhen (Crypt:2)
  Geryon (Hell)
  A curse toe (Crypt:3)
  14 caustic shrikes
  3 profane servitors
  2 golden dragons
  Jory (Vaults:4)
  8 bone dragons
  A doom hound (Tar:5)
  4 Tzitzimimeh
  2 iron giants (Dis:7)
  A hellephant (Abyss:1)
  8 tentacled monstrosities
  17 Hell Sentinels
  The ghost of Jackthecabe the Unseen, a veteran VSNe of Wu Jian (Vaults:2)
  2 shard shrike skeletons
  9 liches
  4 tainted leviathans
  4 walking divine tomes
  3 Ice Fiends (Coc:6)
  4 deep elf master archers (Elf:3)
  2 quicksilver dragons
  7 deep elf blademasters
  10 titans
  16 ancient champions
  8 sphinxes
  11 tentacled starspawn
  9 shadow dragons (Vaults:5)
  15 acid blobs
  Agnes (Snake:2)
  14 tengu reavers
  Ilsuiw (Shoals:2)
  Donald (Shoals:1)
  Kirke (Lair:4)
  11 fire giants
  The ghost of Yjimoseergh the Spry, an adept SpFE of Dithmenos (Vaults:4)
  2 revenants (Crypt:2)
  A daeva (Abyss:2)
  3 storm dragons
  7 nagarajas (Snake:4)
  A draconian knight (Depths:4)
  12 azure jellies
  7 rockslimes
  The ghost of mif the Severer, a journeyman MiBe of Trog (Snake:3)
  6 deep elf sorcerers
  6 quicksilver elementals
  5 narguns
  16 frost giants
  4 deep elf elementalists (Elf:3)
  A draconian scorcher (Depths:4)
  A spectral caustic shrike (Tar:3)
  9 shard shrike simulacra
  Aizul (Snake:4)
  8 iron dragons
  An orc warlord (Vaults:2)
  22 vault wardens
  A spectral juggernaut (Tar:4)
  A curse skull (Crypt:3)
  An angel (Abyss:1)
  3 spriggan defenders
  A caustic shrike zombie (Hell)
  7 ghouls
  Louise (Snake:3)
  12 quicksilver oozes
  A caustic shrike skeleton (Crypt:2)
  22 ironbound preservers
  18 stone giants
  4 reapers (Hell)
  26 very ugly things
  2 grey draconians (Depths:4)
  29 war gargoyles
  9 vampire knights
  9 elemental wellsprings
  A wendigo (Coc:6)
  A lorocyproca (Hell)
  9 putrid mouths
  9 ironbound thunderhulks
  2 deep elf demonologists
  Azrael (D:14)
  2 white draconians (Depths:4)
  8 deep elf annihilators
  8 dire elephants
  2 yellow draconians (Depths:4)
  3 entropy weavers
  9 spark wasps
  2 purple draconians (Depths:4)
  7 iron golems
  11 eidola
  9 deep elf death magi
  2 blizzard demons
  A crystal guardian (Vaults:1)
  11 merfolk impalers
  5 merfolk javelineers
  12 ettins
  18 yaktaur captains
  Josephine (Lair:4)
  A mummy priest (Hell)
  A quicksilver dragon zombie (Abyss:2)
  9 fire dragons
  2 spectral spriggans
  8 great orbs of eyes
  A deep elf high priest (Elf:3)
  42 vault guards
  11 jiangshi
  18 naga warriors
  9 rakshasas
  5 boulder beetles
  7 spriggan zombies
  9 anacondas
  7 caustic shrike simulacra
  4 spriggan air magi
  Erica (D:11)
  2 hell beasts (Hell)
  A peacekeeper (Vaults:1)
  3 salamander tyrants
  4 juggernaut simulacra
  4 merfolk avatars
  10 hydras
  18 ironbound frosthearts
  4 ogre magi
  14 ice dragons
  3 catoblepae
  27 dancing weapons
  13 two-headed ogres
  12 centaur warriors
  2 merfolk aquamancers
  4 death knights
  6 death yaks (Lair:5)
  5 thrashing horrors
  4 alligator snapping turtles
  6 deep troll shamans
  A satyr (Shoals:4)
  7 tengu warriors
  4 spriggan berserkers
  7 deep troll earth magi
  6 vampire magi
  10 naga sharpshooters
  A spectral naga (Tar:2)
  Sonja (Orc:1)
  A hell hog (Hell)
  27 hell knights
  7 shock serpents
  An orc high priest (Vaults:2)
  10 sun demons
  Nergalle (Lair:4)
  A titan skeleton (Crypt:2)
  20 deep elf knights
  12 wretched stars
  2 shadow wraiths
  7 spatial maelstroms
  3 soul eaters
  6 crystal echidnas (Dis:7)
  A spectral bunyip (Tar:2)
  9 sea snakes
  14 salamander mystics
  2 spark wasp zombies (Hell)
  9 iron trolls
  An obsidian statue (Vaults:4)
  10 naga ritualists
  4 quicksilver dragon simulacra
  4 sixfirhies
  A shadow demon (Depths:2)
  29 skeletal warriors
  2 anaconda zombies (Hell)
  7 glowing orange brains
  73 deep trolls
  A spectral iron dragon (Tar:2)
  11 flayed ghosts
  15 deep elf archers
  A glowing orange brain (shapeshifter) (Vaults:5)
  23 wizards
  3 bog bodies
  38 deep elf zephyrmancers
  2 tengu zombies (Hell)
  16 ironbound convokers
  A shadow dragon zombie (Hell)
  A sphinx zombie (Crypt:1)
  17 lindwurms
  9 orc knights
  25 harpies
  37 deep elf pyromancers
  A spriggan simulacrum (Abyss:2)
  9 shining eyes
  12 mana vipers
  A goliath frog zombie (Crypt:1)
  11 phantasmal warriors
  2 frost giant zombies
  14 necromancers
  14 manticores
  5 orc sorcerers
  39 ugly things
  2 worldbinders
  8 cyclopes
  An iron dragon skeleton (Crypt:2)
  2 stone giant zombies (Hell)
  A wolf spider (D:15)
  10 fauns
  2 will-o-the-wisps
  2 spectral centaurs
  A fire giant zombie (Vaults:5)
  A jorogumo zombie (Crypt:3)
  A spectral fire dragon (Tar:1)
  A shadow dragon skeleton (Vaults:4)
  12 merfolk sirens
  A spectral alligator snapping turtle (Tar:2)
  A stone giant skeleton (Vaults:4)
  16 elephants
  32 salamanders
  37 black mambas
  6 guardian serpents
  9 water nymphs
  22 smoke demons
  4 eyes of devastation
  A naga zombie (Crypt:1)
  A water nymph (shapeshifter) (Depths:2)
  An eye of devastation (shapeshifter) (Vaults:4)
  3 apocalypse crabs
  8 vault sentinels
  A molten gargoyle (Hell)
  An ice statue (Hell)
  6 titan simulacra
  18 cane toads
  A torpor snail (Lair:5)
  26 naga magi
  13 hellions
  5 gargoyles
  12 komodo dragons
  3 demonic crawlers (Abyss:2)
  2 unseen horrors
  2 yaktaur zombies
  A sea snake zombie (Hell)
  11 freezing wraiths
  3 human skeletons
  3 kobold demonologists
  7 tormentors
  3 efreet
  39 yaktaurs
  A bunyip simulacrum (Coc:1)
  A rime drake (Lair:6)
  2 ice devils
  2 iron giant simulacra
  A hydra zombie (Hell)
  9 ancient zymes
  3 tengu conjurers
  An alligator snapping turtle skeleton (Crypt:3)
  4 hellwings
  An anaconda simulacrum (Coc:6)
  5 guardian mummies
  A red devil (Depths:2)
  3 spectral harpies
  A sea snake skeleton (Hell)
  2 golden dragon simulacra
  The ghost of trickyswaf the Cudgeller, an amateur MiFi (D:4)
  30 merfolk
  8 wind drakes
  A tyrant leech (shapeshifter) (Depths:2)
  16 trolls
  2 polar bears
  6 hornets
  2 dream sheep (Lair:5)
  5 raiju
  2 blink frogs
  A meliai zombie (D:11)
  3 harpy skeletons
  A hornet (shapeshifter) (Elf:2)
  15 snapping turtles
  An iron dragon simulacrum (Coc:3)
  A blink frog (shapeshifter) (Vaults:5)
  A snapping turtle (shapeshifter) (Depths:2)
  2 alligator zombies (Hell)
  2 hydra skeletons (Hell)
  A raiju (shapeshifter) (Abyss:2)
  A jumping spider (shapeshifter) (Elf:1)
  A stone giant simulacrum (Coc:1)
  3 ettin zombies
  80 slime creatures
  An ice dragon skeleton (Crypt:1)
  2 flying skulls (Crypt:3)
  4 air elementals
  6 dire elephant simulacra
  12 spriggans (Lair:3)
  2 naga simulacra (Coc:3)
  An elf zombie (Vaults:5)
  A spriggan (shapeshifter) (Vaults:5)
  A shadow (Abyss:3)
  11 water elementals
  18 large abominations
  18 wraiths
  10 ynoxinuls
  5 centaur simulacra
  3 humans (Lair:4)
  A yak (shapeshifter) (Abyss:3)
  A vampire (D:10)
  A golden eye (Slime:5)
  10 wyverns
  51 yaks
  3 basilisks
  6 chaos spawn
  4 neqoxecs
  6 fire bats (Volcano)
  7 fire elementals
  4 hogs (Lair:4)
  3 redbacks (Vaults:2)
  4 steam dragons
  Menkaure (D:4)
  5 spatial vortices
  55 nagas
  5 harpy simulacra
  A warg (Orc:2)
  A two-headed ogre zombie (Crypt:2)
  A floating eye (shapeshifter) (Abyss:3)
  A hydra simulacrum (Coc:5)
  3 acid dragons (Depths:4)
  A deep troll skeleton (Crypt:3)
  3 floating eyes
  3 hell hounds (D:14)
  14 water moccasins
  2 ice beasts (D:6)
  24 orc warriors
  A hornet zombie (Ossuary)
  An alligator simulacrum (Hell)
  4 ettin simulacra
  A dream sheep zombie (Crypt:3)
  2 black bears
  A blink frog skeleton (Crypt:2)
  A sky beast (D:5)
  5 centaurs
  21 ogres
  5 necrophages
  3 boggarts (Lair:3)
  A hog zombie (Crypt:3)
  18 wolves
  A phantom (D:5)
  A swamp dragon skeleton (Crypt:3)
  A hog skeleton (Crypt:1)
  6 kobold brigands
  An octopode zombie (Crypt:2)
  17 bullfrogs
  8 earth elementals
  2 wyvern zombies
  A palentonga skeleton (Crypt:1)
  A scorpion (D:11)
  5 water moccasin zombies
  17 small abominations
  2 water moccasin skeletons
  A shapeshifter zombie (Crypt:3)
  35 killer bees
  4 wights
  11 electric eels
  7 lava snakes
  70 starcursed masses
  4 hounds
  A quasit (Abyss:2)
  3 bullfrog zombies
  2 gnoll shamans
  11 centaur zombies
  5 human zombies
  22 orc priests
  2 bullfrog skeletons
  6 iguanas
  3 iron imps
  19 orc wizards
  2 killer bee zombies
  A dwarf zombie (Crypt:2)
  An acid dragon zombie (Crypt:2)
  20 mummies
  4 howler monkey zombies
  17 gnolls
  7 adders
  A swamp drake zombie (Crypt:1)
  A swamp drake skeleton (Crypt:2)
  A shadow imp (D:6)
  4 white imps
  2 ufetubi
  2 worms
  The ghost of xaos the Sneak, a weakling KoDe (D:5)
  3 dart slugs
  70 orcs
  6 ball pythons
  5 endoplasms
  3 giant cockroaches
  6 hobgoblins
  12 jackals
  20 kobolds
  2 quokkas
  3 bats
  3 frilled lizards
  6 goblins
  A rat (D:1)
  A river rat zombie (Crypt:3)
  A lurking horror (Abyss:2)
  7 starspawn tentacles
2935 creatures vanquished.

Vanquished Creatures (others)
  A shard shrike simulacrum (Coc:7)
  An elemental wellspring (Coc:6)
  A naga warrior (Snake:3)
  A juggernaut simulacrum (Coc:7)
  A deep elf knight (Elf:1)
  A hell knight (Hell)
  A deep elf archer (Elf:1)
  A deep elf pyromancer (Elf:2)
  A harpy (Shoals:2)
  A deep elf zephyrmancer (Elf:1)
  A tormentor (Dis:6)
  A hornet (Lair:6)
  An ettin simulacrum (Coc:7)
  An orc wizard (D:10)
  4 foxfires (Abyss:3)
  49 fungi
  146 plants
  20 starspawn tentacles
  6 withered plants (Ossuary)
239 creatures vanquished.

Grand Total: 3174 creatures vanquished

Notes
Turn   | Place    | Note
-------+----------+-------------------------------------------
     0 | D:1      | Sin92 the Minotaur Fighter began the quest for the Orb.
     0 | D:1      | Reached XP level 1. HP: 19/19 MP: 0/0
    18 | D:1      | Reached XP level 2. HP: 20/27 MP: 1/1
   326 | D:1      | Got Meceof's Tome of the Mutagenic Volcanoes
   549 | D:1      | Reached skill level 1 in Dodging
   673 | D:2      | Reached XP level 3. HP: 14/33 MP: 2/2
  1213 | D:2      | Reached XP level 4. HP: 35/40 MP: 3/3
  1594 | D:2      | Identified the +6 hand axe of Moderation {elec, Fly Int-4
                  | Dex+4 SInv}
  1791 | D:2      | Found a faded altar of an unknown god.
  1907 | D:3      | Reached XP level 5. HP: 38/47 MP: 4/4
  2163 | D:3      | Noticed a necrophage
  2166 | D:3      | Killed a necrophage
  3011 | D:4      | Noticed trickyswaf's ghost (amateur MiFi)
  3015 | D:4      | Found a runed translucent door.
  3144 | D:4      | Found Hilolave's Jewellery Emporium.
  3149 | D:4      | Reached XP level 6. HP: 53/53 MP: 5/5
  3384 | D:4      | Noticed Menkaure
  3391 | D:4      | Killed Menkaure
  3392 | D:4      | Reached skill level 5 in Fighting
  3392 | D:4      | Reached skill level 5 in Armour
  3770 | D:4      | Reached skill level 5 in Shields
  3982 | D:5      | Entered Level 5 of the Dungeon
  4024 | D:5      | Reached skill level 5 in Axes
  4116 | D:5      | Reached XP level 7. HP: 61/61 MP: 6/6
  4475 | D:5      | Found a runed translucent door.
  4476 | D:5      | Noticed a yak
  4476 | D:5      | Noticed xaos's ghost (weakling KoDe)
  4764 | D:6      | Found a staircase to the Ecumenical Temple.
  4779 | Temple   | Entered the Ecumenical Temple
  5190 | Temple   | Became a worshipper of Warmaster Okawaru
  5557 | D:6      | Reached XP level 8. HP: 58/70 MP: 7/7
  5636 | D:6      | Reached skill level 1 in Invocations
  5861 | D:6      | HP: 3/70 [electric eel/bolt of electricity (4)]
  7162 | D:7      | Reached * piety under Okawaru
  7175 | D:7      | Found an ancient bone altar of Kikubaaqudgha.
  7366 | D:7      | Noticed a cyclops
  7373 | D:7      | Reached XP level 9. HP: 78/78 MP: 8/10
  7379 | D:7      | Killed a cyclops
  7379 | D:7      | Reached ** piety under Okawaru
  7380 | D:7      | Reached skill level 5 in Dodging
  7751 | D:7      | Reached *** piety under Okawaru
  8336 | D:8      | Reached XP level 10. HP: 83/88 MP: 12/12
  8607 | D:8      | Paralysed by a hornet for 1 turns
  8619 | D:8      | Found a sand-covered staircase.
  8639 | Ossuary  | Entered an ossuary
  8660 | Ossuary  | Reached **** piety under Okawaru
  8676 | Ossuary  | Reached skill level 10 in Axes
  9974 | D:9      | Reached skill level 5 in Invocations
 10018 | D:9      | Reached ***** piety under Okawaru
 10108 | D:9      | Found Ickaagen's Antique Weapon Emporium.
 10627 | D:10     | Entered Level 10 of the Dungeon
 10687 | D:10     | Noticed a manticore
 10694 | D:10     | Killed a manticore
 10694 | D:10     | Received a gift from Okawaru
 11156 | D:10     | Reached XP level 11. HP: 78/95 MP: 14/14
 11352 | D:4      | Bought the ring "Sisa" {rF+ Dex+4} for 565 gold pieces
 11411 | D:4      | Killed trickyswaf's ghost
 11502 | D:5      | Killed xaos's ghost
 13123 | D:11     | Noticed a two-headed ogre
 13128 | D:11     | Killed a two-headed ogre
 13351 | D:11     | Reached ****** piety under Okawaru
 13351 | D:11     | Identified the +3 pair of gloves of Curiosity {rF+}
                  | (Okawaru gifted it to you on level 11 of the Dungeon)
 13351 | D:11     | Received a gift from Okawaru
 13411 | D:11     | Noticed a two-headed ogre
 13412 | D:11     | Noticed a deep elf pyromancer
 13424 | D:11     | Killed a deep elf pyromancer
 13430 | D:11     | Killed a two-headed ogre
 13468 | D:11     | Noticed Erica
 13480 | D:11     | Killed Erica
 13696 | D:11     | Found a staircase to the Orcish Mines.
 13858 | D:11     | Noticed an eight-headed hydra
 13885 | D:11     | Found a staircase to the Lair.
 13897 | Lair:1   | Entered Level 1 of the Lair of Beasts
 13985 | Lair:1   | Reached skill level 10 in Fighting
 14230 | Lair:1   | Reached skill level 10 in Armour
 14230 | Lair:1   | Reached skill level 10 in Shields
 14480 | Lair:1   | Reached XP level 12. HP: 84/106 MP: 16/16
 15280 | Lair:2   | Received a gift from Okawaru
 15555 | Lair:2   | Noticed a boulder beetle
 15587 | Lair:2   | Killed a boulder beetle
 16228 | Lair:3   | Found a staircase to the Shoals.
 16584 | Lair:3   | Noticed a catoblepas
 16595 | Lair:3   | Noticed a seven-headed hydra
 16599 | Lair:3   | Noticed a four-headed hydra
 16617 | Lair:3   | Killed a catoblepas
 16921 | D:11     | Killed an 11-headed hydra
 16932 | D:11     | Reached XP level 13. HP: 90/116 MP: 18/18
 17269 | D:11     | Reached skill level 15 in Axes
 17367 | D:11     | Identified the +6 broad axe of Uncertain Death {drain, rN+
                  | Will+ Dex-2} (Okawaru gifted it to you on level 11 of the
                  | Dungeon)
 17367 | D:11     | Received a gift from Okawaru
 18650 | Lair:4   | Noticed Nergalle
 18675 | Lair:4   | Killed Nergalle
 18679 | Lair:4   | Found a staircase to the Snake Pit.
 19045 | Lair:4   | Found a dark tunnel.
 19054 | Volcano  | Entered a volcano
 19194 | Volcano  | Noticed a stone giant
 19210 | Volcano  | Killed a stone giant
 19294 | Volcano  | Found a burning altar of Makhleb.
 19336 | Volcano  | Found a burning altar of Makhleb.
 19536 | Lair:4   | Received a gift from Okawaru
 19795 | Lair:4   | Received a gift from Okawaru
 19989 | Lair:4   | Noticed Josephine
 20012 | Lair:4   | Killed Josephine
 20028 | Lair:4   | Noticed Kirke
 20053 | Lair:4   | Killed Kirke
 20218 | Lair:4   | Reached XP level 14. HP: 126/126 MP: 19/19
 20833 | Lair:5   | Found a runed translucent door.
 20835 | Lair:5   | Found a viscous altar of Jiyva.
 20836 | Lair:5   | Noticed an acid blob
 20837 | Lair:5   | Found a staircase to the Slime Pits.
 21368 | Lair:5   | Received a gift from Okawaru
 21721 | D:4      | Bought an amulet of regeneration for 420 gold pieces
 22388 | Shoals:1 | Entered Level 1 of the Shoals
 22662 | Lair:5   | Noticed an acid blob
 22828 | Lair:6   | Entered Level 6 of the Lair of Beasts
 23452 | Lair:6   | Identified the +2 chain mail of the Tarantula {Slay+3}
 24136 | Orc:1    | Entered Level 1 of the Orcish Mines
 24143 | Orc:1    | Reached skill level 10 in Invocations
 24327 | Orc:1    | Noticed Sonja
 24343 | Orc:1    | Killed Sonja
 24576 | Orc:2    | Entered Level 2 of the Orcish Mines
 24576 | Orc:2    | Found a staircase to the Elven Halls.
 24630 | Orc:2    | Identified the +10 executioner's axe "Sesaosaf" {holy, rC-
                  | Will+++ Int+8} (Okawaru gifted it to you on level 2 of the
                  | Orcish Mines)
 24630 | Orc:2    | Received a gift from Okawaru
 24857 | Orc:2    | Reached XP level 15. HP: 49/136 MP: 19/21
 24989 | Orc:2    | Received a gift from Okawaru
 24997 | Orc:2    | Found Funulukh's General Store.
 24998 | Orc:2    | Found Hezel's Jewellery Shoppe.
 25040 | Orc:2    | Found Hebyxeg's Antique Armour Shop.
 25059 | Orc:2    | Found Teunug's Book Emporium.
 25950 | D:12     | Found a transporter.
 25953 | D:12     | Found a transporter.
 25966 | D:12     | Found a shimmering blue altar of Sif Muna.
 26573 | D:13     | Found Kokef's Magic Scroll Boutique.
 26623 | D:13     | Found Juifenye's Weapon Emporium.
 26636 | D:13     | Found Xuno's Magic Scroll Boutique.
 26765 | D:13     | Found Symuimp's Magic Scroll Shop.
 27034 | D:13     | Reached skill level 10 in Dodging
 27084 | D:13     | Found a gate to the Vaults.
 27325 | D:13     | Received a gift from Okawaru
 27525 | D:13     | Found Serepys's Antique Weapon Shop.
 27787 | D:14     | Found a broken altar of Ashenzari.
 27838 | D:14     | Noticed Azrael
 27865 | D:14     | Killed Azrael
 28381 | D:14     | Found the +3 warlock's mirror {reflect}
 28486 | D:14     | Cast into level 2 of the Abyss (a wizard)
 28501 | Abyss:2  | Noticed a tentacled starspawn
 28510 | Abyss:2  | Killed a tentacled starspawn
 29132 | D:14     | Escaped the Abyss
 29534 | D:15     | Entered Level 15 of the Dungeon
 29625 | D:15     | Identified the -1 kite shield of Defiance {rF+ Regen+
                  | Slay+3} (Okawaru gifted it to you on level 15 of the
                  | Dungeon)
 29625 | D:15     | Received a gift from Okawaru
 29855 | D:15     | Reached XP level 16. HP: 142/146 MP: 22/22
 30095 | D:15     | Found a staircase to the Depths.
 30804 | Shoals:1 | Noticed Donald
 30827 | Shoals:1 | Killed Donald
 31301 | Shoals:2 | Found a flickering gateway to a bazaar.
 31315 | Bazaar   | Entered a bazaar
 31321 | Bazaar   | Found Ohowk's Jewellery Emporium.
 31321 | Bazaar   | Found Ukyacwa's Book Shoppe.
 31331 | Bazaar   | Bought the amulet "Ogar" {RegenMP Fly Regen+} for 430 gold
                  | pieces
 31486 | Shoals:2 | Identified the +11 broad axe of Doom {freeze, Will++ rCorr}
                  | (Okawaru gifted it to you on level 2 of the Shoals)
 31486 | Shoals:2 | Received a gift from Okawaru
 31641 | Shoals:2 | Noticed Ilsuiw
 32008 | Snake:1  | Entered Level 1 of the Snake Pit
 32104 | Snake:1  | Reached skill level 15 in Fighting
 32158 | Snake:1  | Reached skill level 15 in Shields
 32284 | Snake:1  | Reached skill level 15 in Armour
 32362 | Snake:1  | Received a gift from Okawaru
 32928 | Snake:1  | Found Tocukoinn's Jewellery Boutique.
 32929 | Snake:1  | Found Tinih's Book Shoppe.
 32930 | Snake:1  | Found Cayg Vif's Jewellery Boutique.
 33073 | Snake:2  | Noticed Agnes
 33082 | Snake:2  | Killed Agnes
 33238 | Snake:2  | Received a gift from Okawaru
 33253 | Snake:2  | Reached XP level 17. HP: 148/156 MP: 23/23
 34132 | Snake:3  | Found a runed translucent gate.
 34132 | Snake:3  | Found a runed translucent gate.
 34132 | Snake:3  | Found a runed translucent gate.
 34133 | Snake:3  | Noticed mif's ghost (journeyman MiBe)
 34147 | Snake:3  | Identified the +4 scale mail of Zoad {Slay+5} (Okawaru
                  | gifted it to you on level 3 of the Snake Pit)
 34147 | Snake:3  | Received a gift from Okawaru
 34267 | Snake:3  | Noticed Vashnia
 34284 | Snake:3  | Killed Vashnia
 34494 | Snake:3  | Noticed Louise
 34507 | Snake:3  | Killed Louise
 34825 | Snake:3  | Killed mif's ghost
 34835 | Snake:3  | Identified the amulet of the Empty Page {Acrobat rElec rF+
                  | rCorr}
 34911 | Snake:3  | Identified the +1 scale mail "Mutidor" {rElec rC+ Regen+
                  | Dex+2}
 34935 | Snake:4  | Entered Level 4 of the Snake Pit
 35120 | Snake:4  | Noticed Aizul
 35379 | Snake:4  | Identified the +7 scale mail of Bamuasy {rCorr} (Okawaru
                  | gifted it to you on level 4 of the Snake Pit)
 35379 | Snake:4  | Received a gift from Okawaru
 35770 | Snake:4  | Reached XP level 18. HP: 148/168 MP: 24/24
 35877 | Snake:4  | Killed Aizul
 36168 | Snake:4  | Gained mutation: Armour fits poorly on your strangely
                  | shaped body. [potion of mutation]
 36168 | Snake:4  | Gained mutation: You passively map a small area around you.
                  | [potion of mutation]
 36169 | Snake:4  | Lost mutation: You passively map a small area around you.
                  | [potion of mutation]
 36169 | Snake:4  | Lost mutation: Armour fits poorly on your strangely shaped
                  | body. [potion of mutation]
 36169 | Snake:4  | Gained mutation: Your muscles are strong. (Str +2) [potion
                  | of mutation]
 36169 | Snake:4  | Gained mutation: Your mind is acute. (Int +2) [potion of
                  | mutation]
 36169 | Snake:4  | Gained mutation: Your flesh is heat resistant. (rF+)
                  | [potion of mutation]
 36596 | Snake:4  | Identified the +1 hat of Instinct {rC+ SInv} (Okawaru
                  | gifted it to you on level 4 of the Snake Pit)
 36596 | Snake:4  | Received a gift from Okawaru
 37071 | Snake:4  | Got a serpentine rune of Zot
 38195 | Shoals:2 | Identified a scroll of acquirement
 38213 | Shoals:2 | Acquired the +3 pair of gauntlets of War {Slay+5}
 38213 | Shoals:2 | Found the +3 pair of gauntlets of War {Slay+5}
 38315 | Shoals:2 | Killed Ilsuiw
 39124 | Shoals:4 | Entered Level 4 of the Shoals
 39264 | Shoals:4 | Identified the +6 war axe of Painful Death {vamp, Stlth+}
                  | (Okawaru gifted it to you on level 4 of the Shoals)
 39264 | Shoals:4 | Received a gift from Okawaru
 39886 | Shoals:4 | Identified the +4 rapier of Xymaqute {vorpal, rC+}
 39953 | Shoals:4 | Reached XP level 19. HP: 154/178 MP: 25/25
 39986 | Shoals:4 | Got a barnacled rune of Zot
 40538 | Shoals:1 | Identified the +0 flail of Subjectivity {venom, rC+ Dex+2}
 40788 | Lair:5   | Received a gift from Okawaru
 40843 | Slime:1  | Entered Level 1 of the Pits of Slime
 41384 | Slime:2  | Lost mutation: Your muscles are strong. (Str +2) [a shining
                  | eye]
 41415 | Slime:2  | Gained mutation: Your magical capacity is low. (-10% MP) [a
                  | shining eye]
 41417 | Slime:2  | Gained mutation: Your magical capacity is very low. (-20%
                  | MP) [a shining eye]
 42068 | Slime:3  | Gained mutation: Your magical capacity is extremely low.
                  | (-30% MP) [a shining eye]
 42690 | Slime:5  | Entered Level 5 of the Pits of Slime
 42708 | Slime:5  | Received a gift from Okawaru
 42708 | Slime:5  | Found the +3 hat of Pondering {ponderous, Will+ MP+10
                  | Int+5}
 42795 | Slime:5  | Noticed the Royal Jelly
 42799 | Slime:5  | Found a viscous altar of Jiyva.
 42809 | Slime:5  | Killed the Royal Jelly
 42867 | Slime:5  | Identified the +4 quarterstaff of the Philosopher {flame,
                  | rC+}
 42880 | Slime:5  | Got the Collected Works on Poisonous Air
 42927 | Slime:5  | Identified the +1 robe of Roepsa Xaco {rPois Str+5}
 42955 | Slime:5  | Got a slimy rune of Zot
 42962 | Slime:5  | Identified the ring of the Lion {EV+4 Int+2}
 42973 | Slime:5  | Identified the +9 falchion of Dissolution {flame, Str+5}
 43678 | Elf:1    | Entered Level 1 of the Elven Halls
 43804 | Elf:1    | Reached XP level 20. HP: 189/189 MP: 18/18
 44095 | Elf:1    | Received a gift from Okawaru
 44635 | Elf:1    | Identified the +5 ring mail of Contentment {rElec rF- rC+++
                  | SInv} (Okawaru gifted it to you on level 1 of the Elven
                  | Halls)
 44635 | Elf:1    | Received a gift from Okawaru
 44883 | Elf:2    | Lost mutation: Your mind is acute. (Int +2) [a shining eye]
 45006 | Elf:2    | Paralysed by an air elemental for 1 turns
 45218 | Elf:2    | Found a runed translucent gate.
 45218 | Elf:2    | Found a runed translucent gate.
 45218 | Elf:2    | Found a runed translucent gate.
 45950 | Elf:3    | Entered Level 3 of the Elven Halls
 46032 | Elf:3    | Paralysed by an air elemental for 1 turns
 46037 | Elf:3    | Reached skill level 15 in Dodging
 46227 | Elf:3    | Paralysed by an air elemental for 1 turns
 46300 | Elf:3    | Identified the +1 ring mail "Hunaulucw" {rN+ Str+3}
 46303 | Elf:3    | Identified the +1 plate armour "Tikautel" {rElec rC+ Dex+2}
                  | (Okawaru gifted it to you on level 3 of the Elven Halls)
 46303 | Elf:3    | Received a gift from Okawaru
 46303 | Elf:3    | Identified the +3 dagger of Powerful Blind Justice {pain,
                  | rElec rCorr Int+2 Dex+3}
 46837 | Elf:3    | Reached XP level 21. HP: 200/200 MP: 19/19
 47039 | Elf:3    | Got the Collected Works on Changing
 47055 | Elf:3    | Identified the ring of Rihu {rF+++ Will- rCorr Int+9 Dex-3}
 47066 | Elf:3    | Identified the ring of Yckyaniu {rC+ Will+ rCorr Str+4}
 47101 | Elf:3    | Found the ring of the Hare {EV+8}
 47165 | Elf:3    | Identified the ring "Onysoem" {Contam rC- Str+4 Dex+8
                  | Slay+4}
 47748 | Vaults:1 | Entered Level 1 of the Vaults
 47863 | Vaults:1 | Received a gift from Okawaru
 48089 | Vaults:1 | Found a magical portal.
 48503 | Vaults:1 | Identified the +6 hand axe of Jownacw {antimagic, Int+4
                  | Dex+2} (Okawaru gifted it to you on level 1 of the Vaults)
 48503 | Vaults:1 | Received a gift from Okawaru
 49596 | Vaults:2 | Found Udghaxtosm's Book Emporium.
 49668 | Vaults:2 | Identified the +2 pair of gloves "Marchega" {Stlth+}
                  | (Okawaru gifted it to you on level 2 of the Vaults)
 49668 | Vaults:2 | Received a gift from Okawaru
 49864 | Vaults:2 | Found a runed translucent gate.
 49864 | Vaults:2 | Found a runed translucent gate.
 49864 | Vaults:2 | Found a runed translucent gate.
 49864 | Vaults:2 | Noticed Jackthecabe's ghost (veteran VSNe)
 50446 | Vaults:2 | Identified the ring "Baocveadagg" {Fly rN+}
 50467 | Vaults:2 | Killed Jackthecabe's ghost
 50468 | Vaults:2 | Reached XP level 22. HP: 205/211 MP: 19/19
 50936 | Vaults:3 | Received a gift from Okawaru
 51073 | Vaults:3 | Found a staircase to the Crypt.
 51073 | Vaults:3 | Found an ancient bone altar of Kikubaaqudgha.
 51073 | Vaults:3 | Found a basalt altar of Yredelemnul.
 51795 | Vaults:4 | Noticed Jory
 51814 | Vaults:4 | Killed Jory
 52028 | Vaults:4 | Identified the +11 quarterstaff of Fragile Peace {elec,
                  | Will+ Dex+3}
 52098 | Vaults:4 | Identified the +0 robe "Empaapp" {Dex+3} (Okawaru gifted it
                  | to you on level 4 of the Vaults)
 52098 | Vaults:4 | Received a gift from Okawaru
 52102 | Vaults:4 | Noticed Saint Roka
 52115 | Vaults:4 | Killed Saint Roka
 52186 | Vaults:4 | Found a runed translucent gate.
 52186 | Vaults:4 | Found a runed translucent gate.
 52186 | Vaults:4 | Found a runed translucent gate.
 52186 | Vaults:4 | Found an opulent altar of Gozag.
 52187 | Vaults:4 | Noticed Yjimoseergh's ghost (adept SpFE)
 52257 | Vaults:4 | Killed Yjimoseergh's ghost
 52827 | Vaults:5 | Entered Level 5 of the Vaults
 52837 | Vaults:5 | Reached XP level 23. HP: 198/222 MP: 16/20
 52871 | Vaults:5 | Received a gift from Okawaru
 52871 | Vaults:5 | Found the +10 tower shield of Ignorance {rN+ Int-4}
 53105 | Vaults:5 | Identified the +11 demon trident of the Key {venom, Fly rF+
                  | Str+4 Int+3}
 53134 | Vaults:5 | Noticed a dread lich
 53147 | Vaults:5 | Killed a dread lich
 53441 | Vaults:5 | Noticed an ancient lich
 53455 | Vaults:5 | Identified the +9 war axe of Responsibility {vamp, rC+}
                  | (Okawaru gifted it to you on level 5 of the Vaults)
 53455 | Vaults:5 | Received a gift from Okawaru
 53460 | Vaults:5 | Killed an ancient lich
 53467 | Vaults:5 | Identified the +1 leather armour of Inviolability {Str+6
                  | Dex+4}
 53472 | Vaults:5 | Identified the ring "Baopann" {Fly rPois Dex+3}
 53871 | Vaults:5 | Identified the +2 pair of boots of Roinonyvvie {rPois}
 53975 | Vaults:5 | Noticed a dread lich
 53985 | Vaults:5 | Killed a dread lich
 54043 | Vaults:5 | Identified the +11 scythe "Gafamez" {drain, rCorr}
 54249 | Vaults:5 | Got a silver rune of Zot
 54443 | Vaults:5 | Noticed a dread lich
 54452 | Vaults:5 | Killed a dread lich
 54946 | Depths:1 | Entered Level 1 of the Depths
 54992 | Depths:1 | Reached XP level 24. HP: 194/234 MP: 20/20
 55058 | Depths:1 | Noticed Margery
 55067 | Depths:1 | Killed Margery
 55078 | Depths:1 | Identified the -3 pair of gloves of Ygazuch {rN+ Will+
                  | Str+3 Dex-4} (Okawaru gifted it to you on level 1 of the
                  | Depths)
 55078 | Depths:1 | Received a gift from Okawaru
 55120 | Depths:1 | Found a gateway to Hell.
 55189 | Depths:1 | Found a one-way gateway to a ziggurat.
 55612 | Depths:1 | Reached skill level 27 in Axes
 55906 | Depths:1 | Found a sparkling altar of Nemelex Xobeh.
 56038 | Depths:1 | Found Nuon's General Store.
 56325 | Depths:2 | Noticed a juggernaut
 56342 | Depths:2 | Killed a juggernaut
 56444 | Depths:2 | Identified the +6 shortbow of Instant Death {flame, rN++
                  | rCorr}
 56718 | Depths:2 | Identified the +6 demon whip "Conservator" {elec, rN+}
                  | (Okawaru gifted it to you on level 2 of the Depths)
 56718 | Depths:2 | Received a gift from Okawaru
 57113 | Depths:2 | Found a one-way gate leading to the halls of Pandemonium.
 57606 | Depths:3 | Found a one-way gate to the infinite horrors of the Abyss.
 57666 | Depths:3 | Noticed a juggernaut
 57674 | Depths:3 | Killed a juggernaut
 57683 | Depths:3 | Received a gift from Okawaru
 57687 | Depths:3 | Reached XP level 25. HP: 145/247 MP: 20/20
 57722 | Depths:3 | Noticed Sojobo
 57738 | Depths:3 | Killed Sojobo
 57927 | Depths:3 | Acquired 802 gold pieces
 57929 | Depths:3 | Acquired 972 gold pieces
 57939 | Depths:3 | Received a gift from Okawaru
 58245 | Depths:3 | Found a shadowy altar of Dithmenos.
 58269 | Depths:3 | Found a portal to a secret trove of treasure.
 59336 | D:13     | Bought a scroll of enchant armour for 112 gold pieces
 59477 | Depths:3 | You paid a toll of +3 shadow dragon scales to enter a
                  | treasure trove
 59478 | Trove    | Entered a treasure trove
 59549 | Depths:3 | Voluntarily entered the Abyss.
 59873 | Abyss:2  | Paralysed by accursed screaming for 1 turns
 59976 | Abyss:2  | Found a corrupted altar of Lugonu.
 60105 | Abyss:2  | Found a corrupted altar of Lugonu.
 60400 | Abyss:2  | Found a corrupted altar of Lugonu.
 60467 | Depths:3 | Escaped the Abyss
 60613 | Depths:4 | Entered Level 4 of the Depths
 60616 | Depths:4 | Noticed a juggernaut
 60628 | Depths:4 | Killed a juggernaut
 60629 | Depths:4 | Reached skill level 1 in Evocations
 60772 | Depths:4 | Noticed a juggernaut
 60779 | Depths:4 | Killed a juggernaut
 60869 | Depths:4 | Received a gift from Okawaru
 60961 | Depths:4 | Reached skill level 5 in Evocations
 61419 | Depths:4 | Found a gate to the Realm of Zot.
 61982 | D:13     | Bought a scroll of enchant armour for 112 gold pieces
 62005 | D:13     | Bought 3 scrolls of teleportation for 135 gold pieces
 62005 | D:13     | Bought a scroll of fear for 52 gold pieces
 62005 | D:13     | Bought a scroll of enchant weapon for 112 gold pieces
 62159 | Crypt:1  | Entered Level 1 of the Crypt
 62542 | Crypt:1  | Found a large runed translucent door.
 62543 | Crypt:1  | Found a large runed translucent door.
 62664 | Crypt:1  | Noticed Hali's ghost (veteran FoFi)
 62928 | Crypt:1  | Killed Hali's ghost
 62952 | Crypt:2  | Noticed Bai Suzhen
 62961 | Crypt:2  | Killed Bai Suzhen
 63123 | Crypt:2  | Received a gift from Okawaru
 63455 | Crypt:2  | Identified the +8 war axe "Piz Wus" {flame, Str+3}
 63904 | Crypt:3  | Entered Level 3 of the Crypt
 63981 | Crypt:3  | Reached XP level 26. HP: 261/261 MP: 20/20
 64148 | Crypt:3  | Reached skill level 10 in Evocations
 64153 | Crypt:3  | Found a staircase to the Tomb.
 64218 | Crypt:3  | Found the +7 sceptre of Torment {pain, torment}
 64454 | Crypt:3  | Received a gift from Okawaru
 64625 | Crypt:3  | Noticed an ancient lich
 64635 | Crypt:3  | Killed an ancient lich
 64646 | Crypt:3  | Noticed a dread lich
 64660 | Crypt:3  | Killed a dread lich
 64730 | Crypt:3  | Identified the ring "Gickotue" {+Blink rC+ rN+ Will+ Int-3}
 64741 | Crypt:3  | Identified the +9 mace of Paper {flame, rElec}
 65345 | Hell     | Entered the Vestibule of Hell
 65345 | Hell     | Noticed Geryon
 65418 | Hell     | Killed Geryon
 65591 | Hell     | Received a gift from Okawaru
 65679 | Hell     | Found a gateway to the ashen valley of Gehenna.
 65778 | Hell     | Found a gateway to the Iron City of Dis.
 65820 | Hell     | Found a gateway to the freezing wastes of Cocytus.
 65924 | Hell     | Found a gateway to the decaying netherworld of Tartarus.
 66000 | Tar:1    | Entered Level 1 of Tartarus
 66741 | Tar:2    | Reached skill level 27 in Fighting
 67236 | Tar:4    | Identified the +4 chain mail of Awkiz {Will+++ Str+4 Slay-4
                  | SInv} (Okawaru gifted it to you on level 4 of Tartarus)
 67236 | Tar:4    | Received a gift from Okawaru
 68535 | Tar:5    | Lost intelligence.
 69998 | Depths:3 | Voluntarily entered the Abyss.
 70023 | Abyss:2  | Found a corrupted altar of Lugonu.
 70105 | Abyss:2  | Paralysed by accursed screaming for 1 turns
 70412 | Abyss:3  | Paralysed by a floating eye for 3 turns
 70894 | Abyss:4  | Paralysed by accursed screaming for 1 turns
 70997 | Depths:3 | Escaped the Abyss
 71769 | Dis:1    | Entered Level 1 of the Iron City of Dis
 72884 | Dis:2    | Reached XP level 27. HP: 196/220 MP: 20/20
 73204 | Dis:7    | Entered Level 7 of the Iron City of Dis
 73854 | Dis:7    | Found the +4 staff of Dispater
 73854 | Dis:7    | Noticed Dispater
 73885 | Dis:7    | Killed Dispater
 73885 | Dis:7    | Identified the +5 executioner's axe of the Forsaken
                  | Defenders {drain, Contam rC+++ Stlth+} (Okawaru gifted it
                  | to you on level 7 of the Iron City of Dis)
 73885 | Dis:7    | Received a gift from Okawaru
 73989 | Dis:7    | Got an iron rune of Zot
 74000 | Dis:7    | Noticed a juggernaut
 74013 | Dis:7    | Killed a juggernaut
 74174 | Dis:7    | Noticed an ancient lich
 74195 | Dis:7    | Killed an ancient lich
 74325 | Coc:1    | Entered Level 1 of Cocytus
 74514 | Coc:2    | Noticed an ancient lich
 74515 | Coc:2    | Noticed an ancient lich
 74516 | Coc:2    | Noticed an ancient lich
 74516 | Coc:2    | Noticed an ancient lich
 74516 | Coc:2    | Noticed a dread lich
 74535 | Coc:2    | Killed an ancient lich
 74542 | Coc:2    | Killed an ancient lich
 74560 | Coc:2    | Killed a dread lich
 74563 | Coc:2    | Killed an ancient lich
 74568 | Coc:2    | Received a gift from Okawaru
 74577 | Coc:2    | Killed an ancient lich
 74639 | Coc:3    | Reached skill level 27 in Armour
 74640 | Coc:3    | Reached skill level 27 in Shields
 75177 | Coc:6    | HP: 5/251 [elemental wellspring/torrent of water (16)]
 75753 | Coc:7    | Entered Level 7 of Cocytus
 75757 | Coc:7    | Noticed an ancient lich
 75757 | Coc:7    | Paralysed by a wendigo for 1 turns
 75760 | Coc:7    | Killed an ancient lich
 75764 | Coc:7    | Paralysed by a wendigo for 1 turns
 75772 | Coc:7    | Paralysed by a wendigo for 1 turns
 75778 | Coc:7    | Paralysed by a wendigo for 1 turns
 75779 | Coc:7    | HP: 12/273 [Ice Fiend/bolt of cold (9)]
 75780 | Coc:7    | Engulfed by an Ice Fiend's freezing vapour

Illustrated notes

Levels and vault maps discovered:
D:1:      lemuel_arrival_rhombus, layout_rooms, skrybe_limestone_x
D:2:      layout_loops_ring, shapermc_ecumenical_altar_petra, st_stairs_3
D:3:      layout_basic
D:4:      layout_loops_corners, hellmonk_ghost_happy_afterlife, serial_shops,
          shop, uniq_menkaure
D:5:      layout_basic, ebering_ghost_inner_flame
D:6:      cheibrodos_two_vegetables, layout_layer_cave, temple_statues
D:7:      layout_basic, lemuel_mausoleum_altar_kikubaaqudgha,
          minmay_tree_intersection, minmay_starry_boxes
D:8:      layout_gridville, nicolae_ossuary_entry_false_entrances,
          chequers_serial_rivers_room_b
D:9:      layout_basic, serial_shops, shop_fountains
D:10:     layout_basic, serial_bayou_pond_a, hangedman_decor_push
D:11:     wad_arrow_thing, layout_basic, grunt_lair_entry_orc_guard_hut,
          minmay_orc_entry_temple_small, uniq_erica
D:12:     gammafunk_boulding_lane, layout_long_grid,
          nicolae_sif_muna_condensation
D:13:     layout_basic, lightli_vaults_fourway_checkpoint, serial_shops, shop,
          nicolae_lakefront_shop, nicolae_stop_n_shop_1, shop,
          nicolae_shop_hallway_stairs, kennysheep_nub
D:14:     minmay_smoke_and_mirrors, layout_cave_pods,
          ashenzari_conservatory_becter, uniq_azrael
D:15:     hangedman_depths_entry_try_elsewhere_first, layout_irregular_city,
          minmay_misc_feat_doors
Temple:   mainiacjoe_temple_circle_huts
Lair:1:   wad_woods_minihive, layout_regular_city, serial_bayou_shore_a
Lair:2:   layout_gridlike
Lair:3:   kb_forest_paths, layout_loops_ring, shoals_dummy_entry, special_room
Lair:4:   layout_misc_corridors, minmay_snake_entry_guardpost_small,
          nicolae_volcano_entry_hallway, uniq_nergalle, uniq_kirke,
          uniq_josephine
Lair:5:   layout_regular_city, slime_altar_2, serial_bayou_shore_b
Lair:6:   gammafunk_lair_ancient_temple, layout_gridlike
Shoals:1: layout_shoals, uniq_donald
Shoals:2: layout_shoals, serial_shops, bzr_in_the_mist, uniq_ilsuiw
Shoals:3: layout_shoals
Shoals:4: shoals_end_grunt_ice, layout_shoals
Snake:1:  kennysheep_six_static_rooms, layout_cave_pods, drop_trap,
          serial_bayou_shore_b, grunt_megastairs_5, minmay_shop_grove,
          lemuel_fruit_tree
Snake:2:  cheibrodos_snake_lava_hold, layout_gridlike, grunt_ministairs_2,
          nicolae_snake_snake_lake, uniq_agnes
Snake:3:  layout_misc_corridors, ebering_ghost_rock_garden, uniq_vashnia,
          uniq_louise
Snake:4:  minmay_snake_end_coiled, layout_rooms, nicolae_snake_salamander_zone,
          uniq_aizul
Slime:1:  layout_caves
Slime:2:  layout_caves
Slime:3:  layout_caves
Slime:4:  layout_caves, nicolae_slime_welcoming_committee
Slime:5
Orc:1:    layout_caves, basic_altar, uniq_sonja
Orc:2:    st_orc_open, layout_diamond_mine, basic_altar, lightli_orcish_oven
Elf:1:    eino_elf_arrival_customs, layout_geoelf_grid, evilmike_minifort,
          minivault_16, grunt_megastairs_4
Elf:2:    nicolae_elf_blades_splatter_lattice [mumra_blade_entry_bloodbath],
          layout_loops_cross
Elf:3:    minmay_elf_hall, layout_geoelf_octagon, st_stairs_12
Vaults:1: mu_enter_wizlab_2, vaults_standard_mumra_x, vaults_dpeg_spiral,
          ontoclasm_vaults_hangar, vaults_dpeg_encased_lava, vaults_room_pools,
          vaults_room_door_ring, nicolae_vaults_little_squares_5,
          ontoclasm_vaults_decontamination, vaults_room_fours,
          layout_vaults_omnigrid
Vaults:2: biasface_ghost_orc_armoury, v_alt_pattern_3, ontoclasm_vaults_idyll,
          v_misc_26, nicolae_vaults_little_squares_5, vaults_room_grid,
          ontoclasm_vaults_loading_screen, st_squares,
          vaults_room_stairs_pillars, hangedman_vaults_capsules,
          vaults_room_mumra_shop_pool, nicolae_vaults_diagonal_hallway_9,
          vaults_room_fours, vaults_dpeg_diagonal, nicolae_vaults_shelves_hall,
          layout_vaults_omnicross
Vaults:3: minmay_crypt_entry_necro_gods, hangedman_vaults_restitches,
          ontoclasm_vaults_twist, ontoclasm_vaults_ligature,
          hangedman_vaults_stretched_pinwheel, hangedman_vaults_impose,
          nicolae_vaults_display_case, vaults_dpeg_ring,
          nicolae_vaults_little_squares_3, nicolae_vaults_little_squares_2,
          layout_vaults_big_room
Vaults:4: ebering_ghost_gozag, hangedman_vaults_maws, vaults_room_fours,
          vaults_mumra_minichess_inversion, st_spiral_rooms,
          hangedman_vaults_stream, v_misc_10, nicolae_vaults_hallways_thing,
          vaults_mumra_hex, v_misc_13, layout_vaults_maze_bifur, uniq_jory,
          uniq_saint_roka
Vaults:5
Crypt:1:  layout_chaotic_city, ebering_ghost_disaster_area,
          grunt_crypt_arrival_guarded_gate
Crypt:2:  layout_misc_corridors, lemuel_upstairs_altar, grunt_megastairs_1,
          uniq_bai_suzhen
Crypt:3:  david_glass_crypt, layout_chaotic_city, tomb_entry_simple_bobbens
Depths:1: layout_basic, enter_ziggurat_c, grunt_metal_band, serial_shops,
          nicolae_shop_stone, moated_statue, nemelex_diamond_rough_becter
Depths:2: hangedman_box_tower, layout_cave_pools, grunt_pan_entry_in_and_out,
          grunt_decor_junction, hell_entry
Depths:3: minmay_crescents, layout_gridlike, enter_trove_1,
          grunt_hell_entry_dis_mu, nicolae_dithmenos_the_darkroom,
          abyss_entry_glasseish, chequers_serial_rivers_marsh,
          infiniplex_staircase_zigzag_3, uniq_sojobo
Depths:4: evilmike_zot_entry_gauntlet, layout_cave_shapes, hell_entry,
          abyss_entry, grunt_megastairs_2
Hell
Dis:1:    layout_gridville, serial_glass, glass_columns_a, glass_columns_a,
          minmay_strange_pillars
Dis:2:    layout_gridville
Dis:3:    layout_subdivisions
Dis:4:    layout_subdivisions, nrook_loot_triangle, lemuel_mystery_crypt
Dis:5:    layout_subdivisions
Dis:6:    layout_regular_city
Dis:7:    dis_st
Coc:1:    layout_ice_bergs
Coc:2:    layout_cocytus_delve, nicolae_hells_leichenhalle
Coc:3:    layout_cocytus_water_paths
Coc:4:    layout_ice_bergs
Coc:5:    layout_cocytus_water_paths
Coc:6:    layout_ice_bergs
Coc:7:    coc_grunt_cove [coc_grunt_cove_antaeus, coc_grunt_cove_fiend,
          coc_grunt_cove_fiend, coc_grunt_cove_fiend, coc_grunt_cove_fiend]
Tar:1:    layout_honeycomb
Tar:2:    layout_honeycomb, nicolae_tar_combstack
Tar:3:    layout_cathedral_of_symmetry
Tar:4:    layout_honeycomb
Tar:5:    layout_honeycomb

Skill      XL: |  1  2  3  4  5  6  7  8  9 10 11 12 13 14 15 16 17 18 19 20 21 22 23 24 25 26 27 |
---------------+----------------------------------------------------------------------------------+-----
Dodging        | 1 2 3 4 6 8 9 10 11 12 14 15 16 17 18 19 20 21 24 | 24.7
Fighting       | 4 5 6 7 8 10 11 12 13 14 15 16 17 18 19 20 21 22 24 26 27 | 27.0
Axes           | 3 4 5 6 7 9 11 13 14 16 17 19 20 22 23 24 25 26 27 | 27.0
Armour         | 4 5 6 7 8 10 11 12 13 14 15 16 17 18 19 20 21 22 23 24 25 27 | 27.0
Shields        | 4 5 6 7 8 10 11 12 13 14 15 16 17 18 19 20 21 22 23 24 25 27 | 27.0
Invocations    | 2 4 5 6 8 9 10 | 10.6
Evocations     | 9 12 | 12.5

Action                   |  1- 3 |  4- 6 |  7- 9 | 10-12 | 13-15 | 16-18 | 19-21 | 22-24 | 25-27 || total
-------------------------+-------+-------+-------+-------+-------+-------+-------+-------+-------++-------
Melee: War axe           |    55 |    19 |       |       |       |       |       |       |       ||    74
       Headbutt          |     5 |    12 |    34 |   180 |   350 |   312 |   335 |   381 |   889 ||  2498
       Hand axe          |       |    76 |   205 |   737 |    39 |    38 |       |       |       ||  1095
       Broad axe         |       |       |       |       |  1165 |  1192 |  1098 |  1188 |  2300 ||  6943
Invok: Heroism           |       |       |       |     1 |       |       |       |       |     1 ||     2
       Finesse           |       |       |       |       |     5 |     6 |     2 |     3 |    15 ||    31
Evoke: Wand              |       |       |       |     3 |       |       |       |       |     2 ||     5
  Use: Scroll            |     4 |     1 |     9 |    11 |     2 |    11 |       |     2 |    27 ||    67
       Potion            |       |       |     2 |     4 |     1 |     5 |     4 |     2 |    12 ||    30
 Stab: Paralysed         |       |       |       |       |       |       |       |     1 |       ||     1
       Distracted        |       |       |       |       |       |       |       |       |     1 ||     1
Armor: Scale mail        |    30 |    18 |    66 |     8 |       |   167 |   251 |   194 |    66 ||   800
       Plate armour      |       |       |       |   238 |   300 |       |       |       |       ||   538
       Chain mail        |       |       |       |       |   209 |   149 |       |       |       ||   358
       Gold dragon scale |       |       |       |       |       |       |       |       |   259 ||   259
Dodge: Dodged            |    47 |    34 |   106 |   239 |   413 |   526 |   552 |   705 |   827 ||  3449
Block: Buckler           |    10 |    14 |    52 |   250 |   512 |   516 |   454 |   584 |   196 ||  2588
       Reflection        |       |       |       |       |    19 |    78 |    97 |    80 |    26 ||   300
       Tower shield      |       |       |       |       |       |       |       |       |  2200 ||  2200
